 Dungeon Crawl Stone Soup version 0.29.1-15-g9cfb28693d (webtiles) character file.

Game seed: 16186156217912861998

878 dudediamond6 the Thaumaturge (level 7, -7/36 HPs)
             Began as a Deep Elf Conjurer on Mar 1, 2023.
             Was an Initiate of Vehumet.
             Mangled by Duvessa
             ... wielding a +0 short sword
              (8 damage)
             ... on level 5 of the Dungeon.
             The game lasted 00:09:06 (5148 turns).

dudediamond6 the Thaumaturge (Deep Elf Conjurer)    Turns: 5148, Time: 00:09:06

Health: -7/36      AC: 11    Str:  4    XL:     7   Next: 75%
Magic:  10/21      EV: 13    Int: 25    God:    Vehumet [......]
Gold:   174        SH:  0    Dex: 17    Spells: 14/24 levels left

rFire   . . .      SeeInvis .   i - staff of death
rCold   . . .      Faith    .   (no shield)
rNeg    + . .      Spirit   .   a - +0 robe
rPois   .          Reflect  .   (no helmet)
rElec   .          Harm     .   z - +0 cloak
rCorr   .          Rampage  .   o - +0 pair of gloves
Will    +....                   m - +2 pair of boots of the Fisher {Will+ Dex+4}
Stlth   +++.......              l - amulet of magic regeneration
HPRegen 0.12/turn               h - +4 ring of protection
MPRegen 0.57/turn               (no ring)

@: no status effects
A: no striking features
a: Renounce Religion


You were on level 5 of the Dungeon.
You worshipped Vehumet.
Vehumet was noncommittal.
You visited 2 branches of the dungeon, and saw 6 of its levels.
You also visited: Sewer.

You collected 174 gold pieces.

Inventory:

Hand Weapons
 r - a +1 dagger of venom
Armour
 a - a +0 robe (worn)
 m - the +2 pair of boots of the Fisher (worn) {Will+ Dex+4}
   (You found it on level 3 of the Dungeon)

   Dex:       It affects your dexterity (+4).
   Will:      It increases your willpower.
 o - a +0 pair of gloves (worn)
 z - a +0 cloak (worn)
Magical Staves
 i - a staff of death (weapon)
Jewellery
 d - an amulet of faith
 g - an amulet of guardian spirit
 h - a +4 ring of protection (left hand)
 l - an amulet of magic regeneration (around neck)
 w - a ring of magical power
Wands
 x - a wand of paralysis (10)
 B - a wand of digging (4)
Scrolls
 c - 2 scrolls of identify
 f - a scroll of enchant armour
 v - 2 scrolls of silence
 y - a scroll of magic mapping
 A - a scroll of poison {unknown}
Potions
 b - a potion of magic
 e - 2 potions of curing
 j - a potion of attraction {unknown}
 k - a potion of berserk rage {unknown}
 n - 4 potions of might {unknown}
 p - 2 potions of invisibility {unknown}
 q - 3 potions of haste {unknown}
 s - 3 potions of brilliance {unknown}
 t - a potion of mutation {unknown}
 u - a potion of heal wounds {unknown}


   Skills:
 + Level 3.3 Dodging
 + Level 3.7 Stealth
 * Level 9.3 Spellcasting
 + Level 6.9 Conjurations


You had 14 spell levels left.
You knew the following spells:

 Your Spells              Type           Power      Damage    Failure   Level
a - Magic Dart            Conj           100%       1d8       1%          1
b - Searing Ray           Conj           92%        2d7       1%          2
c - Dazzling Flash        Conj/Hex       58%        N/A       3%          3
d - Fulminant Prism       Conj/Hex       14%        3d9       13%         4

Your spell library contained the following spells:

 Spells                   Type           Power      Damage    Failure   Level
 Sublimation of Blood     Necr           17%        N/A       9%          2
 Iskenderun's Mystic Bla  Conj/Tloc      29%        2d7       13%         4
 Irradiate                Conj/Tmut      14%        3d16      34%         5
 Petrify                  Tmut/Erth      11%        N/A       47%         4


Dungeon Overview and Level Annotations

Branches:
Dungeon (5/15)             Temple (1/1) D:5           Sewer (visited)

Altars:
Ashenzari
Dithmenos
Elyvilon
Fedhas
Gozag
Hepliaklqana
Kikubaaqudgha
Makhleb
Nemelex Xobeh
Okawaru
Ru
Uskayaw
Vehumet
Xom
Yredelemnul
Zin

Annotations:
D:5 Duvessa


Message History

Duvessa screams in rage.
Duvessa goes berserk! (Press . to maintain the ray.) Duvessa barely misses you.
The searing ray hits Duvessa.
Duvessa is heavily wounded.
Duvessa hits you with a +0 short sword. Duvessa hits you with a +0 short sword!
The searing ray hits Duvessa.
Duvessa is severely wounded.
Duvessa closely misses you.
Casting: Searing Ray (safe; 1% risk of failure)
Confirm with . or Enter, or press ? or * to list all spells.
Restarting spell: Searing Ray (safe; 1% risk of failure)
Press: ? - help, Shift-Dir - straight line, f - Duvessa
Aim: Duvessa, wielding a +0 short sword, wearing a +3 leather armour of cold resistance and carrying a wand of polymorph (5) (severely wounded, berserk, 84% to hit)
The searing ray hits Duvessa.
Duvessa is severely wounded. (Press . to maintain the ray.) Duvessa hits you but does no damage.
Duvessa hits you with a +0 short sword.
The searing ray hits Duvessa!
Duvessa is severely wounded.
Duvessa hits you with a +0 short sword!
The searing ray hits Duvessa!
Duvessa is almost dead.
Duvessa hits you with a +0 short sword!
* * * LOW HITPOINT WARNING * * *
Duvessa hits you with a +0 short sword.
* * * LOW HITPOINT WARNING * * *
Casting: Searing Ray (safe; 1% risk of failure)
Confirm with . or Enter, or press ? or * to list all spells.
Restarting spell: Searing Ray (safe; 1% risk of failure)
Press: ? - help, Shift-Dir - straight line, f/p - Duvessa
Aim: Duvessa, wielding a +0 short sword, wearing a +3 leather armour of cold resistance and carrying a wand of polymorph (5) (almost dead, berserk, 84% to hit)
Okay, then.
Casting: Searing Ray (safe; 1% risk of failure)
Confirm with . or Enter, or press ? or * to list all spells.
Casting: Dazzling Flash (dangerous; 3% risk of failure)
Press: ? - help, Dir - look around, f - activate Duvessa is dazzled.
Duvessa hits you with a +0 short sword!
You die...

.....).....#...........
#.###.#....#...##......
...........#.......#
#.....##........#..#
.........#.#.###...# .
.#...#.#.#...#.#...# .?.
.#.#.#.............#....
.†.....##....[##......#
...#............@.....#
#....#.###.#.e######
#............).
.....##... ..... ../..
#... #..... #.#. .......
.. ########


You could see Duvessa (berserk, blind).

Vanquished Creatures
  2 ogres
  A centaur (D:4)
  A phantom (D:4)
  A kobold brigand (Sewer)
  A necrophage (D:4)
  Dowan (D:5)
  An orc priest (D:3)
  A hound (D:5)
  A jelly (D:4)
  Crazy Yiuf (D:3)
  Natasha (twice) (D:3)
  An orc wizard (D:3)
  5 adders
  A river rat (D:3)
  4 worms
  5 dart slugs
  7 orcs
  8 ball pythons
  4 bats
  5 endoplasms
  7 giant cockroaches
  10 goblins
  16 hobgoblins
  A jackal (D:5)
  19 kobolds
  A quokka (D:3)
  2 frilled lizards
  14 rats
123 creatures vanquished.

Notes
Turn   | Place    | Note
-------+----------+-------------------------------------------
     0 | D:1      | dudediamond6 the Deep Elf Conjurer began the quest for the
                  | Orb.
     0 | D:1      | Reached XP level 1. HP: 10/10 MP: 6/6
   282 | D:1      | Reached XP level 2. HP: 15/15 MP: 4/8
   349 | D:1      | Reached skill level 5 in Conjurations
   823 | D:1      | Reached XP level 3. HP: 19/19 MP: 7/9
  1498 | D:2      | Reached skill level 4 in Spellcasting
  1628 | D:2      | Reached XP level 4. HP: 24/24 MP: 4/12
  1722 | D:2      | Learned a level 2 spell: Searing Ray
  1726 | D:2      | Learned a level 3 spell: Dazzling Flash
  1731 | D:2      | Learned a level 4 spell: Fulminant Prism
  2106 | D:3      | Found a glowing drain.
  2136 | D:3      | Identified the +2 pair of boots of the Fisher {Will+ Dex+4}
  2148 | Sewer    | Entered a sewer
  2219 | Sewer    | Noticed a kobold brigand
  2229 | Sewer    | Killed a kobold brigand
  2230 | Sewer    | Reached skill level 5 in Spellcasting
  2230 | Sewer    | Reached XP level 5. HP: 9/28 MP: 3/15
  2760 | D:3      | Reached skill level 6 in Spellcasting
  2980 | D:3      | Noticed Natasha
  2985 | D:3      | Killed Natasha
  2986 | D:3      | Reached XP level 6. HP: 23/32 MP: 12/17
  3325 | D:3      | Noticed Natasha
  3328 | D:3      | Killed Natasha
  3433 | D:3      | Found a runed translucent door.
  3434 | D:3      | Noticed Crazy Yiuf
  3729 | D:3      | Killed Crazy Yiuf
  3820 | D:4      | Reached skill level 7 in Spellcasting
  4126 | D:4      | Reached skill level 8 in Spellcasting
  4126 | D:4      | Reached XP level 7. HP: 36/36 MP: 14/20
  4539 | D:5      | Entered Level 5 of the Dungeon
  4539 | D:5      | Found a staircase to the Ecumenical Temple.
  4816 | Temple   | Entered the Ecumenical Temple
  4891 | Temple   | Became a worshipper of Vehumet
  5099 | D:5      | Reached skill level 9 in Spellcasting
  5136 | D:5      | Noticed Duvessa
  5136 | D:5      | Noticed Dowan
  5142 | D:5      | Killed Dowan
  5147 | D:5      | HP: 1/36 [Duvessa/+0 short sword (1)]
  5148 | D:5      | Mangled by Duvessa

Illustrated notes

Levels and vault maps discovered:
D:1:      dpeg_arrival_simpleton_c, layout_basic
D:2:      minmay_wonky_spiral, layout_rooms
D:3:      layout_basic, portal_sewer_entry_a, minmay_statues_item, uniq_natasha,
          uniq_crazy_yiuf_cottage
D:4:      layout_loops_ring
D:5:      nicolae_cairo_tiling_large_dashed, layout_cave_pools,
          mainiacjoe_overflow_alcove_2, gammafunk_ghost_nasty_kobolds,
          minmay_guarded_unrand_staff_of_olgreb, uniq_duvessa
Temple:   nicolae_temple_bog_church

Skill      XL: |  1  2  3  4  5  6  7 |
---------------+----------------------+-----
Conjurations   | 5 6 |  6.9
Spellcasting   | 4 5 6 8 9 |  9.3
Stealth        | 3 |  3.7
Dodging        | 3 |  3.3

Action                   |  1- 3 |  4- 6 |  7- 9 || total
-------------------------+-------+-------+-------++-------
Melee: Unarmed           |       |     1 |       ||     1
 Cast: Magic Dart        |    88 |   101 |    45 ||   234
       Searing Ray       |       |    21 |     8 ||    29
       Dazzling Flash    |       |       |     1 ||     1
  Use: Scroll            |     3 |     2 |       ||     5
Armor: Robe              |     9 |    11 |    15 ||    35
Dodge: Dodged            |     6 |    17 |    32 ||    55
